 Dungeon Crawl Stone Soup version 0.25-a0-424-g80bd347ae0 (webtiles) character file.

Game seed: 9148132980533098852, levelgen mode: deterministic

18 Essalna the Digger (level 2, -1/15 HPs)
             Began as a Gargoyle Earth Elementalist on Jan 20, 2020.
             Slain by a leopard gecko (4 damage)
             ... on level 1 of the Dungeon.
             The game lasted 00:01:32 (581 turns).

Essalna the Digger (Gargoyle Earth Elementalist)     Turns: 581, Time: 00:01:32

Health: -1/15      AC:  4    Str: 11    XL:     2   Next: 70%
Magic:  0/5        EV: 12    Int: 15    God:
Gold:   22         SH:  0    Dex: 10    Spells: 5/6 levels left

rFire    . . .     SeeInvis .   e - +0 dagger
rCold    . . .     Gourm    .   (no shield)
rNeg     + . .     Faith    .   c - +0 robe
rPois    ∞         Spirit   .   (no helmet)
rElec    +         Reflect  .   (no cloak)
rCorr    .         Harm     .   (no gloves)
MR       .....                  (no boots)
Stlth    ++........             (no amulet)
HPRegen  0.05/turn              (no ring)
MPRegen  0.09/turn              (no ring)

@: no status effects
A: negative energy resistance 1, electricity resistance, unbreathing,
petrification resistance, rot immunity, AC +2
a: no special abilities


You were on level 1 of the Dungeon.
You were not hungry.

You visited 1 branch of the dungeon, and saw 1 of its levels.

You collected 22 gold pieces.

Inventory:

Hand Weapons
 e - a +0 dagger (weapon)
Missiles
 b - 15 stones (quivered)
Armour
 c - a +0 robe (worn)
Scrolls
 g - a scroll of remove curse {unknown}
 h - a scroll of enchant armour {unknown}
 i - a scroll of enchant weapon {unknown}
Potions
 a - a potion of degeneration {unknown}
Comestibles
 d - 2 rations


   Skills:
 - Level 1.5 Dodging
 - Level 2.1 Stealth
 + Level 2.5 Spellcasting
   Level 0.7 Transmutations
 + Level 4.2 Earth Magic


You had 5 spell levels left.
You knew the following spells:

 Your Spells              Type           Power        Failure   Level  Hunger
a - Sandblast             Erth           ##....       3%          1    #......

Your spell library contained the following spells:

 Spells                   Type           Power        Failure   Level  Hunger
 Passwall                 Tmut/Erth      #.......     12%         2    ###....
 Stone Arrow              Conj/Erth      #.....       26%         3    ###....
 Petrify                  Tmut/Erth      #.......     58%         4    #####..
 Lee's Rapid Deconstruct  Erth           ##........   71%         5    ######.


Dungeon Overview and Level Annotations

Branches:
Dungeon (1/15)

Altars:


Innate Abilities, Weirdness & Mutations

You are resistant to torment.
Your stone body is resilient. (AC +2)
You are immune to poison.
You resist negative energy. (rN+)
You are resistant to electric shocks. (rElec)
You can survive without breathing.
You are immune to petrification.
You are immune to rotting.


Message History

Press: ? - help, Shift-Dir - straight line, f/p - leopard gecko
Aim: a leopard gecko The blast of sand hits the bat.
You kill the bat!
b - 16 stones The leopard gecko barely misses you.
The leopard gecko closely misses you.
You see here a +0 dagger.
A hobgoblin comes into view.
The leopard gecko bites you but does no damage.
Casting: Sandblast (safe; 3% risk of failure)
Confirm with . or Enter, or press ? or * to list all spells.
Aiming: Sandblast (safe; 3% risk of failure)
Press: ? - help, Shift-Dir - straight line, f/p - leopard gecko
Aim: a leopard gecko The blast of sand hits the leopard gecko.
The leopard gecko is lightly wounded.
b - 15 stones The leopard gecko bites you.
You die...

###### ...... .......g.#
##############........#
####......##........#
###.........##........#
.....#......##........#
.....#......##........#
.....#......##........#
...........###..@.....#
#########..#####l...####
≈≈≈≈≈≈≈≈P...............
≈≈≈≈≈≈≈P.#....##.....###
P≈≈≈≈≈P..#....##.......#
.P≈≈≈P...#.#####.......#
..P≈P....#.#####.......#
...P.....#..............
.........#.......(..#.##


You could see a leopard gecko and a hobgoblin (sleeping).

Vanquished Creatures
  An ooze (D:1)
  2 bats (D:1)
  A giant cockroach (D:1)
  2 goblins (D:1)
  3 jackals (D:1)
  A kobold (D:1)
  3 rats (D:1)
13 creatures vanquished.

Notes
Turn   | Place    | Note
-------+----------+-------------------------------------------
     0 | D:1      | Essalna the Gargoyle Earth Elementalist began the quest for
                  | the Orb.
     0 | D:1      | Reached XP level 1. HP: 10/10 MP: 3/3
   121 | D:1      | Reached skill level 4 in Earth Magic
   121 | D:1      | Reached XP level 2. HP: 9/15 MP: 5/5
   581 | D:1      | Slain by a leopard gecko

Levels and vault maps discovered:
D:1:      eino_arrival_druids_welcome, layout_basic, minmay_tromino_v4_c

Skill      XL: |  1 |
---------------+----+-----
Earth Magic    | 4 |  4.2
Dodging        | |  1.5
Stealth        | |  2.1
Spellcasting   | |  2.5
Transmutations | |  0.7

Action                   || total
-------------------------++-------
Melee: Dagger            ||    33
       Unarmed           ||     2
 Cast: Sandblast         ||    15
Armor: Robe              ||    21
Dodge: Dodged            ||    34

Table legend:
 A = Non-vault XP
 B = Vault XP
 C = Vault XP percentage of total XP
 D = Non-vault monster count
 E = Vault monster count
 F = Vault count percentage of total count
                 A         B        C        D         E       F
            +---------+---------+-------+---------+---------+-------
      Total |      24 |       3 |  11.1 |      11 |       2 |  15.4
            +---------+---------+-------+---------+---------+-------
        D:1 |      24 |       3 |  11.1 |      11 |       2 |  15.4
            +---------+---------+-------+---------+---------+-------
